 Dungeon Crawl Stone Soup version 0.29-a0-542-g075992c915 (webtiles) character file.

Game seed: 7682919709825920257

326 Spectrina the Covert (level 6, -2/69 HPs)
             Began as a Vampire Delver on June 4, 2022.
             Was a Follower of Yredelemnul.
             Slain by Edmund
             ... wielding a +2 flail of holy wrath
              (15 damage)
             ... on level 4 of the Dungeon.
             The game lasted 00:08:40 (963 turns).

Spectrina the Covert (Vampire Delver)                Turns: 963, Time: 00:08:42

Health: -2/69      AC:  3    Str: 11 (13) XL:     6   Next: 24%
Magic:  2/2        EV: 12    Int: 13 (15) God:    Yredelemnul [*.....]
Gold:   41         SH:  0    Dex: 15 (16) Spells: 5/5 levels left

rFire   . . .      SeeInvis +   a - +12 flail of Cangafy {antimagic, rPois rC- rN+ Int+3}
rCold   x . .      Faith    .   (no shield)
rNeg    + + .      Spirit   .   l - +0 leather armour
rPois   +          Reflect  .   (no helmet)
rElec   .          Harm     .   (no cloak)
rCorr   .          Rampage  .   (no gloves)
Will    .....                   (no boots)
Stlth   ..........              (no amulet)
HPRegen 0.41/turn               t - ring of positive energy
MPRegen 0.08/turn               (no ring)

@: berserking (expiring), healing quickly, very quick
A: alive, fangs 3, see invisible, vampiric 2
a: Exsanguinate, Renounce Religion, Recall Undead Harvest


You were on level 4 of the Dungeon.
You worshipped Yredelemnul.
Yredelemnul was noncommittal.
You visited 2 branches of the dungeon, and saw 7 of its levels.

You collected 131 gold pieces.
You spent 90 gold pieces at shops.

Inventory:

Hand Weapons
 a - the +12 flail of Cangafy (weapon) {antimagic, rPois rC- rN+ Int+3}
   (You found it on level 6 of the Dungeon)

   It reduces the magical energy of the wielder, and disrupts the spells and
   magical abilities of those it strikes.
   Natural abilities and divine invocations are not affected.
   Int:       It affects your intelligence (+3).
   rC:        It makes you vulnerable to cold.
   rPois:     It protects you from poison.
   rN:        It protects you from negative energy.
 b - a +0 hand crossbow
 j - a +0 short sword
 p - a +0 hunting sling
Missiles
 m - 2 curare-tipped darts (quivered)
Armour
 l - a +0 leather armour (worn)
Jewellery
 t - a ring of positive energy (left hand)
Wands
 g - a wand of digging (3)
 u - a wand of flame (11)
Scrolls
 c - 2 scrolls of fog
 d - a scroll of magic mapping
 e - a scroll of fear
 h - 3 scrolls of teleportation {unknown}
 i - a scroll of vulnerability {unknown}
 n - a scroll of blinking {unknown}
 o - 2 scrolls of enchant weapon {unknown}
 r - 3 scrolls of enchant armour {unknown}
 v - a scroll of noise {unknown}
Potions
 f - 3 potions of haste
 k - 2 potions of curing
 q - a potion of degeneration


   Skills:
 - Level 2.6 Fighting
 - Level 2.1 Short Blades
 + Level 3.6 Maces & Flails
 - Level 2.1 Dodging
 - Level 10.0 Stealth


You had 5 spell levels left.
You didn't know any spells.
Your spell library was empty.

Dungeon Overview and Level Annotations

Branches:
Dungeon (6/15)             Temple (1/1) D:5

Altars:
Ashenzari
Fedhas
Gozag
Hepliaklqana
Makhleb
Nemelex Xobeh
Sif Muna
Yredelemnul
Zin

Shops:
D:5 *

Annotations:
D:4 Edmund


Innate Abilities, Weirdness & Mutations

Your natural rate of healing is accelerated.
You have razor-sharp teeth.
You have supernaturally acute eyesight. (SInv)
You are afflicted with vampirism and can become a bat while bloodless.


Message History

The jelly attacks as you move away! The jelly hits you but does no damage.
The hound closely misses you. The hound attacks as you move away!
The hound misses you. The hound closely misses you.
It was a potion of curing.
You feel better. The hound barely misses you.
It was a potion of degeneration.
There was something very wrong with that liquid.
You feel weakened.
You feel dopey.
You feel clumsy. The hound closely misses you. The hound misses you.
It was a potion of berserk rage.
A red film seems to cover your vision as you go berserk!
You feel yourself moving faster!
You feel mighty! The hound bites you.
A worm comes into view.
Unknown command.
You sock the hound!
The hound is heavily wounded.
The hound bites you.
You bludgeon the hound!!
You kill the hound!
The dead are walking!
Unknown command.
You sock the ogre!
You kill the ogre!
The dead are walking!
Your hound zombie bites Edmund.
You feel your dexterity returning.
Training target 10.0 for Stealth reached!
Your Stealth skill increases to level 10!
You have reached level 6!
You barely miss Edmund.
Edmund is lightly wounded.
Your hound zombie bites the jelly.
The acid corrodes your hound zombie!
Your hound zombie is burned by acid!
Unknown command.
You bludgeon Edmund!! You bite Edmund.
Edmund is severely wounded.
Edmund hits you with a +2 flail of holy wrath!
* * * LOW HITPOINT WARNING * * *
You convulse!
You die...
Yredelemnul claims you as an undead slave.

#####
#####Z...##.
##..#@.......
#...@#....###
###.Z#####...#
#.......##..w..
##...>.......#.
##....@....##
#..........#
##..........
............


You could see Edmund (ally target), a worm, a friendly hound zombie (corroded)
and a friendly ogre zombie.

Vanquished Creatures
  An ogre (D:4)
  2 scorpions (D:5)
  2 hounds
  2 adders
  A white imp (D:5)
  2 dart slugs
  4 endoplasms (D:1)
  A giant cockroach (D:3)
  6 goblins
  2 hobgoblins
  4 jackals (D:5)
  3 quokkas
  4 ball pythons
  3 bats
  A kobold (D:4)
  6 rats
44 creatures vanquished.

Notes
Turn   | Place    | Note
-------+----------+-------------------------------------------
     0 | D:5      | Spectrina the Vampire Delver began the quest for the Orb.
     0 | D:5      | Reached XP level 1. HP: 17/17 MP: 1/1
    29 | D:5      | Found Yleqe's Assorted Antiques.
    43 | D:6      | Identified the +12 flail of Cangafy {antimagic, rPois rC-
                  | rN+ Int+3}
    86 | D:5      | Reached XP level 2. HP: 16/20 MP: 0/2
   141 | D:5      | Noticed a scorpion
   145 | D:5      | Reached skill level 1 in Maces & Flails
   150 | D:5      | Killed a scorpion
   151 | D:5      | Reached skill level 8 in Stealth
   151 | D:5      | Gained mutation: You are afflicted with vampirism and can
                  | become a bat while bloodless. [Vampire growth]
   151 | D:5      | Reached XP level 3. HP: 19/25 MP: 1/3
   151 | D:5      | Reached XP level 4. HP: 23/30 MP: 1/4
   568 | D:1      | Reached skill level 9 in Stealth
   791 | D:5      | Bought a silver wand for 72 gold pieces
   791 | D:5      | Bought a scroll labelled RUICEW GOUTTEOLA for 18 gold
                  | pieces
   848 | D:5      | Noticed a scorpion
   852 | D:5      | Killed a scorpion
   853 | D:5      | Reached XP level 5. HP: 34/39 MP: 1/5
   878 | D:5      | Found a staircase to the Ecumenical Temple.
   889 | Temple   | Entered the Ecumenical Temple
   917 | Temple   | Became a worshipper of Yredelemnul the Dark
   939 | D:4      | Noticed an ogre
   946 | D:4      | Noticed Edmund
   961 | D:4      | Killed an ogre
   961 | D:4      | Reached * piety under Yredelemnul
   962 | D:4      | Reached skill level 10 in Stealth
   962 | D:4      | Reached XP level 6. HP: 23/46 MP: 2/6
   963 | D:4      | Slain by Edmund

Illustrated notes

Levels and vault maps discovered:
D:1:      scummos_arrival_simple_crosswalls, layout_rooms,
          hellmonk_ecumenical_altar_blasted, minmay_stone_trees_large,
          hex_medium
D:2:      layout_loops_corners
D:3:      layout_loops_cross, uniq_terence
D:4:      layout_cave_pools, uniq_natasha, uniq_edmund
D:5:      nicolae_cairo_tiling_very_big, layout_basic, serial_shops, shop,
          lemuel_flamethrower_1
D:6:      layout_basic, tso_altar
Temple:   eino_temple_rhombus

Skill      XL: |  1  2  3  4  5 |
---------------+----------------+-----
Maces & Flails | 2 3 |  3.6
Stealth        | 8 9 10 | 10.0
Fighting       | |  2.6
Short Blades   | |  2.1
Dodging        | |  2.1

Action                   |  1- 3 |  4- 6 || total
-------------------------+-------+-------++-------
Melee: Flail             |    12 |    40 ||    52
       Punch             |     1 |       ||     1
       Bite              |       |     1 ||     1
 Fire: Hand crossbow     |       |    37 ||    37
Throw: Dart              |       |     1 ||     1
 Abil: Exsanguinate      |     1 |       ||     1
       Revivify          |     1 |       ||     1
  Use: Potion            |       |     3 ||     3
 Stab: Sleeping          |     1 |     4 ||     5
Armor: Leather armour    |     2 |     6 ||     8
Dodge: Dodged            |    10 |    21 ||    31

Table legend: (Time is in decaauts)
 A = Elapsed time spent in this place.
 B = Non-inter-level travel time spent in this place.
 C = Inter-level travel time spent in this place.
 D = Time resting spent in this place.
 E = Time spent auto-exploring this place.
 F = Levels seen in this place.
 G = Mean time per level.
                   A        B        C        D        E       F      G
               +--------+--------+--------+--------+--------+-----+--------+
         Total |    992 |    932 |     60 |      0 |      0 |   7 |  141.7 |
       Dungeon |    948 |    903 |     45 |      0 |      0 |   6 |  158.0 |
        Temple |     44 |     29 |     15 |      0 |      0 |   1 |   44.0 |
               +--------+--------+--------+--------+--------+-----+--------+

Top non-repeatable levels by time:
     D:5: 284 daAuts
     D:1: 236 daAuts
     D:2: 155 daAuts
     D:3: 133 daAuts
     D:4: 96 daAuts
  Temple: 44 daAuts
     D:6: 42 daAuts
